 Dungeon Crawl Stone Soup version 0.27-b1-23-g44b8eac545 (webtiles) character file.

Game seed: 12366549276804363386

40 mhtbhm the Shield-Bearer (level 3, 0/36 HPs)
             Began as a Gargoyle Fighter on July 27, 2021.
             Was a Follower of Yredelemnul.
             Frozen to death by an endoplasm (4 damage)
             ... on level 2 of the Dungeon.
             The game lasted 00:01:20 (1733 turns).

mhtbhm the Shield-Bearer (Gargoyle Fighter)         Turns: 1733, Time: 00:01:23

Health: 0/36       AC: 10    Str: 20    XL:     3   Next: 50%
Magic:  3/3        EV:  7    Int:  8    God:    Yredelemnul [*.....]
Gold:   16         SH:  9    Dex:  9    Spells: 2/2 levels left

rFire    . . .     SeeInvis .   a - +0 flail
rCold    . . .     Faith    .   c - +0 kite shield
rNeg     + . .     Spirit   .   b - +0 scale mail
rPois    ∞         Reflect  .   (no helmet)
rElec    +         Harm     .   (no cloak)
rCorr    .         Rampage  .   (no gloves)
Will     .....                  (no boots)
Stlth    ..........             (no amulet)
HPRegen  0.12/turn              (no ring)
MPRegen  0.08/turn              (no ring)

@: berserking, very quick
A: sickness immunity, AC +3, negative energy resistance 1, electricity
resistance, torment resistance 1, petrification resistance
a: Renounce Religion, Animate Remains


You were on level 2 of the Dungeon.
You worshipped Yredelemnul.
Yredelemnul was aware of your devotion.
You visited 1 branch of the dungeon, and saw 2 of its levels.

You collected 16 gold pieces.

Inventory:

Hand Weapons
 a - a +0 flail (weapon)
Armour
 b - a +0 scale mail (worn)
 c - a +0 kite shield (worn)
Wands
 k - a wand of charming (8)
Scrolls
 e - a scroll of amnesia {unknown}
 f - a scroll of blinking {unknown}
 g - a scroll of fear {unknown}
 i - a scroll of teleportation {unknown}
 j - 2 scrolls of identify {unknown}
Potions
 d - a potion of might


   Skills:
 + Level 3.6 Fighting
 + Level 2.3 Maces & Flails
 + Level 3.6 Armour
 + Level 0.4 Dodging
 + Level 3.8 Shields
 * Level 0.1 Invocations


You had 2 spell levels left.
You didn't know any spells.
Your spell library was empty.

Dungeon Overview and Level Annotations

Branches:
Dungeon (2/15)

Altars:
Yredelemnul


Innate Abilities, Weirdness & Mutations

You are immune to sickness and miasma.
Your stone body is resilient. (AC +3)
You are immune to poison.
You resist negative energy. (rN+)
You are resistant to electric shocks. (rElec)
You are resistant to unholy torment.
You are immune to petrification.


Message History

The endoplasm hits you but does no damage.
You block the adder's attack.
You miss the adder. You block the adder's attack.
The endoplasm barely misses you. The adder barely misses you.
The endoplasm freezes you.
You are frozen.
You hit the adder.
The adder is lightly wounded.
The adder bites you but does no damage. You block the endoplasm's attack.
The adder bites you but does no damage.
You miss the adder.
The adder is lightly wounded.
The adder bites you. You block the endoplasm's attack.
You block the adder's attack.
The endoplasm jiggles.
The endoplasm barely misses you.
You barely miss the adder.
The adder is lightly wounded.
The adder bites you but does no damage. The endoplasm freezes you.
You are frozen.
The adder bites you.
You are too injured to fight recklessly!
You are too injured to fight recklessly!
You are too injured to fight recklessly!
You are too injured to fight recklessly!
You are too injured to fight recklessly!
You are too injured to fight recklessly!
You are too injured to fight recklessly!
You are too injured to fight recklessly!
You are too injured to fight recklessly!
The endoplasm freezes you.
You are frozen.
* * * LOW HITPOINT WARNING * * *
It was a potion of berserk rage.
A red film seems to cover your vision as you go berserk!
You feel yourself moving faster!
You feel mighty! The endoplasm freezes you.
You are frozen.
You die...
Your body rises from the dead as a mindless zombie.

#..# #..#
#######..#
.........
........##
#.......#
#.###.#S#
...#J#
#####@#
#.#
#.#######
#.......#
#######.#
#.. .#.#
#.###.#.#
#.....#.#
#<#.#.#.#


You could see an adder and an endoplasm.

Vanquished Creatures
  2 dart slugs (D:1)
  3 ball pythons (D:1)
  2 bats (D:1)
  2 endoplasms (D:1)
  5 giant cockroaches (D:1)
  2 goblins (D:1)
  5 hobgoblins (D:1)
  2 jackals (D:1)
  A frilled lizard (D:1)
  3 kobolds (D:1)
  2 rats (D:1)
29 creatures vanquished.

Notes
Turn   | Place    | Note
-------+----------+-------------------------------------------
     0 | D:1      | mhtbhm the Gargoyle Fighter began the quest for the Orb.
     0 | D:1      | Reached XP level 1. HP: 14/14 MP: 1/1
   567 | D:1      | Reached XP level 2. HP: 19/19 MP: 2/2
   950 | D:1      | Reached XP level 3. HP: 23/23 MP: 3/3
  1014 | D:1      | Found a faded altar of an unknown god.
  1450 | D:1      | Became a worshipper of Yredelemnul the Dark
  1450 | D:1      | Reached * piety under Yredelemnul
  1733 | D:2      | Frozen to death by an endoplasm

Illustrated notes

Levels and vault maps discovered:
D:1:      dpeg_arrival_simpleton_a, layout_rooms,
          shapermc_ecumenical_altar_notcrosses, hangedman_glass_teeth,
          st_stairs_2
D:2:      layout_basic, basic_altar, minmay_increasing_density, uniq_terence

Action                   || total
-------------------------++-------
Melee: Flail             ||   127
  Use: Potion            ||     1
Armor: Scale mail        ||   103
Dodge: Dodged            ||    52
Block: Kite shield       ||    87
